 Dungeon Crawl Stone Soup version 0.18-a0-1563-g3d1bdcc (webtiles) character file.

21 Lusmu the Firebug (level 2, -3/19 HPs)
             Began as a Demonspawn Fire Elementalist on Mar 14, 2016.
             Slain by a gnoll
             ... wielding a cursed +0 spear
              (8 damage)
             ... on level 2 of the Dungeon.
             The game lasted 00:03:54 (752 turns).

Lusmu the Firebug (Demonspawn Fire Elementalist)     Turns: 752, Time: 00:03:54

Health: -3/19      AC:  7    Str:  8    XL:     2   Next: 62%
Magic:  2/5        EV:  7    Int: 16    God:
Gold:   64         SH:  0    Dex: 13    Spells: 1 memorised, 4 levels left

rFire  . . .     SeeInvis .     g - +0 short sword (venom)
rCold  . . .     Gourm    .     a - +0 robe
rNeg   . . .     Faith    .     (no shield)
rPois  .         Spirit   .     (no helmet)
rElec  .         Dismiss  .     (no cloak)
rCorr  .         Reflect  .     n - +0 pair of gloves
SustAt .         Harm     .     (no boots)
MR     .....                    (no amulet)
Stlth  ++........               (no ring)
                                (no ring)

@: not resistant to hostile enchantments, unstealthy
A: iridescent scales 1
a: no special abilities


You were on level 2 of the Dungeon.
You were not hungry.

You visited 1 branch of the dungeon, and saw 2 of its levels.

You collected 64 gold pieces.

Inventory:

Hand Weapons
 g - a +0 short sword of venom (weapon)
 r - a +0 spear
Armour
 a - a +0 robe (worn)
 l - a +0 ring mail
 n - a +0 pair of gloves (worn)
 o - a +0 leather armour
Scrolls
 i - a scroll of fear {unknown}
 k - a scroll of remove curse {unknown}
 q - a scroll of identify {unknown}
Potions
 d - a potion of degeneration {unknown}
 e - 2 potions of curing {unknown}
 j - a potion of mutation {unknown}
 m - a potion of might {unknown}
 p - a potion of haste {unknown}
Books
 b - a book of Flames

   Spells                             Type                      Level
   a - Flame Tongue                   Conjuration/Fire             1
   b - Throw Flame                    Conjuration/Fire             2
   c - Conjure Flame                  Conjuration/Fire             3
   d - Inner Flame                    Hexes/Fire                   3
   e - Sticky Flame                   Conjuration/Fire             4
   f - Fireball                       Conjuration/Fire             5
Comestibles
 c - 2 bread rations
 f - 2 chunks of flesh
 h - 2 meat rations


   Skills:
 - Level 1.7 Dodging
 - Level 1.7 Stealth
 - Level 2.0 Spellcasting
 * Level 2.6 Conjurations
 - Level 2.6 Fire Magic


You had 4 spell levels left.
You knew the following spells:

 Your Spells              Type           Power        Failure   Level  Hunger
a - Flame Tongue          Conj/Fire      ##...        10%         1    #......


Dungeon Overview and Level Annotations

Branches:
Dungeon (2/15)

Altars:


Innate Abilities, Weirdness & Mutations

You are partially covered in iridescent scales (AC +4).


Message History

Aiming: Flame Tongue
Press: ? - help, Shift-Dir - straight line, f/p - gnoll
Aim: a gnoll, wielding a spear (moderately wounded)
The flame tongue hits the gnoll.
The gnoll is severely wounded.
The gnoll hits you from afar with a spear.
Casting: Flame Tongue
Confirm with . or Enter, or press ? or * to list all spells.
Aiming: Flame Tongue
Press: ? - help, Shift-Dir - straight line, f/p - gnoll
Aim: a gnoll, wielding a spear (severely wounded)
The flame tongue hits the gnoll.
The gnoll is almost dead.
The gnoll hits you from afar with a spear.
* * * LOW HITPOINT WARNING * * *
You see here a rat skeleton.
You see here 19 sling bullets of flame.
There is a stone staircase leading up here.
The gnoll hits you from afar with a spear!
You die...

####### ### ##### ..#.. ..# . ..
. #.#.# ######.#.##.. ..
#####.#.####....#(#..#.##.#
#........g(.lg......<....
##.###.#.####.#.@#.####.#
...###.#รท####.####......##.#
.....#.#....#..............#
.....#.####.###################.
..>.........l..l.g...g.$........
.......####.############.##.####
.......####.# #.# ............#
#.# ############# #.#


You could see 2 gnolls and a giant gecko.

Vanquished Creatures
  A dart slug (D:1)
  4 goblins
  A hobgoblin (D:1)
  4 jackals (D:2)
  2 bats (D:1)
  A giant newt (D:1)
  2 kobolds (D:1)
  2 rats
17 creatures vanquished.

Notes
Turn   | Place    | Note
--------------------------------------------------------------
     0 | D:1      | Lusmu the Demonspawn Fire Elementalist began the quest for the Orb.
     0 | D:1      | Reached XP level 1. HP: 13/13 MP: 3/3
   315 | D:1      | Gained mutation: You are partially covered in iridescent scales (AC +4). [demonic ancestry]
   315 | D:1      | Reached XP level 2. HP: 17/19 MP: 5/5
   752 | D:2      | Slain by a gnoll

Vault maps used:
D:1:      lemuel_arrival_room
D:2:      vehumet_crystals, fedhas_altar_4

Skill      XL: |  1 |
---------------+----+-----
Conjurations   | 2 |  2.6
Dodging        | |  1.7
Stealth        | |  1.7
Spellcasting   | |  2.0
Fire Magic     | |  2.6

Action                   || total
-------------------------++-------
Melee: Short sword       ||    38
 Cast: Flame Tongue      ||     9
 Stab: Sleeping          ||     1
